 Dungeon Crawl Stone Soup version 0.30-a0-808-g6e0788376e (webtiles) character file.

Game seed: 2670689532906392931

115 cforsyth the Sneak (level 5, 0/32 HPs)
             Began as a Kobold Brigand on Feb 25, 2023.
             Slain by a jelly (2 damage)
             ... on level 3 of the Dungeon.
             The game lasted 00:01:59 (1914 turns).

cforsyth the Sneak (Kobold Brigand)                 Turns: 1914, Time: 00:02:00

Health: 0/32       AC: -17   Str:  9    XL:     5   Next: 20%
Magic:  5/5        EV: 15    Int: 12    God:
Gold:   145        SH:  0    Dex: 18    Spells: 4/4 levels left

rFire   . . .      SeeInvis .    a - +2 dagger
rCold   . . .      Faith    .    (no shield)
rNeg    . . .      Spirit   .    b - +0 robe
rPois   .          Reflect  .    (no helmet)
rElec   .          Harm     .    c - +0 cloak
rCorr   .          Rampage  .    (no gloves)
Will    .....                    (no boots)
Stlth   ++++                     (no amulet)
HPRegen 0.25/turn                (no ring)
MPRegen 0.09/turn                (no ring)

@: corroded
A: small, no large weapons, nightstalker 3
a: no special abilities


You were on level 3 of the Dungeon.
You visited 1 branch of the dungeon, and saw 3 of its levels.

You collected 145 gold pieces.

Inventory:

Hand Weapons
 a - a +2 dagger (weapon)
Missiles
 d - 9 poisoned darts (quivered)
 e - 3 curare-tipped darts
Armour
 b - a +0 robe (worn)
 c - a +0 cloak (worn)
Scrolls
 g - 4 scrolls of enchant weapon {unknown}
 i - a scroll of silence {unknown}
 j - 2 scrolls of identify {unknown}
 k - 3 scrolls of teleportation {unknown}
 m - a scroll of blinking {unknown}
 p - 2 scrolls of fear {unknown}
 q - a scroll of magic mapping {unknown}
 r - a scroll of fog {unknown}
Potions
 f - a potion of attraction {unknown}
 h - 2 potions of brilliance {unknown}
 l - a potion of might {unknown}
 n - a potion of heal wounds {unknown}
 o - 2 potions of curing {unknown}


   Skills:
 + Level 3.2 Fighting
 + Level 3.9 Short Blades
 - Level 2.1 Throwing
 + Level 2.9 Dodging
 + Level 6.3 Stealth


You had 4 spell levels left.
You didn't know any spells.
Your spell library contained the following spells:

 Spells                   Type           Power      Damage    Failure   Level
 Stone Arrow              Conj/Erth      0%         3d7       69%         3
 Animate Armour           Summ/Erth      0%         N/A       97%         4
 Lehudib's Crystal Spear  Conj/Erth      0%         10d2      100%        8


Dungeon Overview and Level Annotations

Branches:
Dungeon (3/15)

Altars:

Shops:
D:2 (


Innate Abilities, Weirdness & Mutations

You are small and have problems with some larger weapons.
You are completely attuned to the shadows.


Message History

There is an open door here.
k - 3 scrolls labelled YDOMEZOITZ (gained 1)
You open the door.
There is an open door here.
A jelly is nearby!
A jelly is nearby!
A jelly is nearby!
A jelly is nearby!
Found an escape hatch in the ceiling.
The jelly quivers.
You hit the jelly. The acid corrodes you!
Your hands burn!
The jelly is lightly wounded.
The jelly barely misses you.
You hit the jelly. The acid corrodes you!
Your hands burn!
The jelly is moderately wounded.
The jelly misses you.
You hit the jelly but do no damage.
Your hands burn!
The jelly is moderately wounded.
The jelly hits you. The acid corrodes you!
You are splashed with acid.
You hit the jelly but do no damage.
Your hands burn!
The jelly is moderately wounded.
The jelly closely misses you.
You are too injured to fight recklessly!
You are too injured to fight recklessly!
You are too injured to fight recklessly!
You hit the jelly but do no damage.
Your hands burn!
You punch the jelly, but do no damage.
The jelly is moderately wounded.
You hit the jelly but do no damage. The acid corrodes you!
Your hands burn!
The jelly is moderately wounded.
The jelly misses you.
You hit the jelly but do no damage.
Your hands burn!
* * * LOW HITPOINT WARNING * * *
The jelly is moderately wounded.
The jelly closely misses you.
You hit the jelly but do no damage. The acid corrodes you!
Your hands burn!
* * * LOW HITPOINT WARNING * * *
The jelly is moderately wounded.
The jelly hits you.
You die...

#.#####'###### ########
#.#........... #......#
#............. #####......#
#...#.............
##..........####...#.............
....).......#......#.##......##..
......).....#......#.##......##..
............#<.....#.##..........
.....#......#...@..#.##..........
.....#......#...J..#.##........<.
.....########......#.##....#.....
.....................##....#...#.
#######........................'.
...............................#.
....##.#...##......##.......#.##.
.....#[#...#..............#.#.##>
.....#>.....................#^#..


You could see a jelly.

Vanquished Creatures
  Jessica (D:2)
  An orc wizard (D:3)
  A gnoll (D:1)
  A worm (D:2)
  2 dart slugs
  2 orcs (D:3)
  5 bats
  2 endoplasms
  3 giant cockroaches
  A goblin (D:3)
  4 hobgoblins
  5 quokkas
  3 ball pythons
  5 frilled lizards
  5 kobolds
  6 rats
47 creatures vanquished.

Notes
Turn   | Place    | Note
-------+----------+-------------------------------------------
     0 | D:1      | cforsyth the Kobold Brigand began the quest for the Orb.
     0 | D:1      | Reached XP level 1. HP: 12/12 MP: 1/1
   161 | D:1      | Reached XP level 2. HP: 18/18 MP: 2/2
   305 | D:1      | Reached XP level 3. HP: 22/22 MP: 3/3
   305 | D:1      | Found a faded altar of an unknown god.
   812 | D:2      | Noticed Jessica
   816 | D:2      | Killed Jessica
   817 | D:2      | Reached XP level 4. HP: 28/28 MP: 4/4
   859 | D:2      | Found Omuxti's Antique Weapon Boutique.
   893 | D:2      | Reached skill level 6 in Stealth
  1482 | D:3      | Reached XP level 5. HP: 3/32 MP: 5/5
  1914 | D:3      | Slain by a jelly

Illustrated notes

Levels and vault maps discovered:
D:1:      sevenhm_arrival_forest_fort_small_5, layout_rooms,
          hellmonk_ecumenical_altar_pennies_from_heaven,
          nicolae_kite_square_tiling_tiny
D:2:      layout_basic, serial_shops, shop, uniq_jessica
D:3:      gammafunk_wand_slinger, layout_basic, ebering_dispersal_statue_hall

Skill      XL: |  1  2  3  4 |
---------------+-------------+-----
Short Blades   | 3 |  3.9
Dodging        | 2 |  2.9
Fighting       | 3 |  3.2
Stealth        | 6 |  6.3
Throwing       | |  2.1

Action                     |  1- 3 |  4- 6 || total
---------------------------+-------+-------++-------
  Melee: Dagger            |    39 |    72 ||   111
         Punch             |       |     1 ||     1
   Stab: Sleeping          |    15 |    12 ||    27
         Distracted        |       |     3 ||     3
 Armour: Robe              |     6 |     5 ||    11
  Dodge: Dodged            |    13 |    44 ||    57

Table legend: (Time is in decaauts)
 A = Elapsed time spent in this place.
 B = Non-inter-level travel time spent in this place.
 C = Inter-level travel time spent in this place.
 D = Time resting spent in this place.
 E = Time spent auto-exploring this place.
 F = Levels seen in this place.
 G = Mean time per level.
                   A        B        C        D        E       F      G
               +--------+--------+--------+--------+--------+-----+--------+
         Total |   1899 |   1831 |     68 |      0 |   1531 |   3 |  633.0 |
       Dungeon |   1899 |   1831 |     68 |      0 |   1531 |   3 |  633.0 |
               +--------+--------+--------+--------+--------+-----+--------+

Top non-repeatable levels by time:
     D:1: 670 daAuts
     D:3: 615 daAuts
     D:2: 614 daAuts
